Map: Dusk Towers

Players

hinO

  • Race: Zerg Zerg
  • League: Grandmaster

FeaR - Winner!

  • Race: Protoss Protoss
  • League: Grandmaster

Event: DreamHack ZOWIE Open Leipzig

VOD

Have the link to the VOD?

Description

Time

  • Played on: Jan. 22, 2016, 7:59 a.m.
  • Length: 10:58

All games in this series

Show
View Real Time Build Order
Export as new Build Order

hinO Zerg 

Build Orders: Hatch First 

Get SALT Encoding   

  12  0:01  Drone  
  13  0:08  Drone  
  14  0:17  Overlord  
  14  0:28  Drone, Extractor x2  
  14  0:29  Drone  
  16  0:36  Drone  
  17  0:53  Hatchery  
  17  0:56  Drone  
  17  1:17  Spawning Pool  
  17  1:18  Drone x2  
  18  1:39  Hatchery  
  17  1:42  Drone  
  17  1:45  Drone  
  19  1:48  Drone  
  19  1:53  Extractor  
  19  1:55  Drone  
  20  2:04  Queen  
  20  2:06  Zergling x2  
  23  2:09  Drone  
  24  2:16  Drone x2  
  26  2:26  Drone  
  26  2:28  Drone  
  28  2:36  Overlord  
  28  2:50  Queen  
  30  2:52  Zergling x8  
  34  3:01  Metabolic Boost  
  34  3:03  Zergling x6  
  37  3:08  Overlord  
  36  3:13  Drone x4  
  36  3:14  Drone  
  41  3:25  Drone  
  42  3:31  Overlord  
  42  3:35  Zergling x4  
  42  3:37  Drone x2  
  42  3:41  Queen  
  46  3:45  Drone x2  
  46  3:48  Overlord  
  50  3:51  Drone  
  50  3:52  Drone x2  
  50  3:54  Drone  
  54  3:57  Zergling x2  
  54  3:59  Overlord  
  54  4:02  Drone x3  
  58  4:09  Drone x2  
  60  4:10  Extractor  
  60  4:13  Lair  
  59  4:17  Drone x4  
  59  4:22  Drone x2  
  64  4:26  Overlord  
  64  4:28  Drone x2  
  65  4:32  Drone x3  
  68  4:40  Extractor  
  68  4:41  Overlord, Extractor  
  68  4:42  Drone x2  
  68  4:43  Evolution Chamber  
  68  4:44  Evolution Chamber  
  66  4:47  Overlord  
  66  4:50  Drone  
  66  4:51  Queen  
  68  4:55  Drone  
  68  4:59  Drone x3  
  73  5:00  Drone  
  73  5:02  Drone x3  
  73  5:05  Overlord  
  75  5:10  Zerg Missile Weapons Level 1  
  75  5:11  Drone x5  
  75  5:13  Extractor  
  78  5:14  Extractor  
  78  5:19  Zerg Ground Armor Level 1  
  77  5:22  Spore Crawler  
  77  5:24  Queen  
  77  5:25  Spore Crawler  
  77  5:26  Drone x3  
  77  5:27  Drone  
  81  5:28  Drone  
  81  5:31  Drone x3  
  85  5:39  Roach Warren  
  84  5:44  Hydralisk Den  
  84  5:46  Spore Crawler  
  84  5:47  Infestation Pit  
  84  5:48  Spore Crawler  
  80  5:54  Drone x3  
  80  5:56  Drone  
  80  5:57  Spore Crawler, Overlord  
  83  5:58  Overlord, Spore Crawler  
  83  6:00  Overlord  
  78  6:05  Drone  
  78  6:06  Drone  
  80  6:12  Drone x2  
  80  6:14  Muscular Augments  
  80  6:17  Zergling x2  
  80  6:18  Zergling x12  
  88  6:23  Roach x3  
  88  6:25  Zergling x2  
  89  6:26  Zergling x2  
  86  6:34  Drone x2  
  86  6:36  Drone  
  87  6:40  Drone x4  
  87  6:45  Pathogen Glands  
  89  6:48  Hydralisk x2  
  92  6:57  Drone x2  
  92  6:58  Drone  
  92  7:06  Drone x2  
  92  7:12  Infestor x5  
  102  7:17  Drone  
  103  7:23  Zerg Missile Weapons Level 2  
  103  7:32  Infestor  
  102  7:39  Hatchery  
  102  7:41  Drone  
  102  7:42  Drone  
  102  7:43  Zerg Ground Armor Level 2  
  103  7:45  Queen x2  
  105  7:57  Infestor  
  105  8:00  Hydralisk, Queen  
  105  8:01  Hydralisk  
  105  8:03  Drone  
  105  8:04  Drone x2  
  105  8:05  Overlord x3  
  114  8:07  Overlord x2  
  109  8:30  Drone x2  
  109  8:31  Drone x5, Hydralisk x3  
  109  8:32  Hydralisk x5  
  109  8:33  Hydralisk  
  134  8:35  Extractor  
  134  8:40  Extractor  
  132  8:43  Infestor  
  132  8:46  Roach x4  
  142  8:50  Overlord x2  
  142  8:52  Drone x2  
  142  8:53  Drone  
  145  9:03  Overlord  
  145  9:05  Infestor  
  145  9:08  Overlord x2  
  145  9:09  Roach x3  
  155  9:10  Roach  
  155  9:14  Drone x3  
  155  9:15  Drone  
  155  9:16  Drone  
  160  9:17  Drone  
  161  9:24  Roach x3  
  161  9:25  Roach  
  161  9:28  Spore Crawler, Hydralisk x2  
  161  9:30  Hydralisk  
  173  9:34  Hydralisk  
  173  9:35  Hydralisk  
  173  9:38  Hydralisk x2  
  177  9:43  Hydralisk x2  
  182  9:47  Hydralisk x2  
  182  9:52  Hydralisk x3  
  190  10:00  Overlord x2  
  169  10:08  Hydralisk  
  169  10:09  Hydralisk x5  
  179  10:17  Hydralisk x4  
  189  10:32  Hydralisk x4  
Show
View Real Time Build Order
Export as new Build Order

FeaR Protoss - Winner!

Build Orders: Nexus First 

Get SALT Encoding   

  12  0:01  Probe (Chrono Boost)  
  13  0:11  Probe (Chrono Boost)  
  14  0:18  Pylon  
  14  0:22  Probe (Chrono Boost)  
  15  0:36  Probe (Chrono Boost)  
  16  0:46  Probe (Chrono Boost)  
  17  1:00  Nexus  
  17  1:10  Gateway  
  17  1:12  Probe (Chrono Boost)  
  18  1:19  Assimilator  
  18  1:23  Probe (Chrono Boost)  
  19  1:26  Assimilator  
  19  1:33  Probe (Chrono Boost)  
  19  1:39  Gateway  
  20  1:44  Probe (Chrono Boost)  
  21  1:54  Probe (Chrono Boost)  
  21  1:58  Cybernetics Core  
  22  2:05  Probe (Chrono Boost)  
  23  2:12  Probe (Chrono Boost)  
  24  2:16  Probe (Chrono Boost)  
  24  2:22  Probe (Chrono Boost)  
  26  2:26  Probe (Chrono Boost)  
  27  2:33  Probe (Chrono Boost)  
  27  2:35  Adept (Chrono Boost)  
  27  2:36  Adept (Chrono Boost)  
  27  2:37  Probe, Warp Gate  
  33  2:43  Pylon  
  33  2:44  Probe  
  33  2:49  Probe (Chrono Boost)  
  35  2:56  Probe (Chrono Boost)  
  36  3:01  Probe (Chrono Boost)  
  37  3:07  Probe (Chrono Boost)  
  37  3:11  Probe (Chrono Boost)  
  39  3:18  Probe (Chrono Boost)  
  40  3:22  Probe (Chrono Boost)  
  41  3:28  Probe (Chrono Boost)  
  41  3:31  Nexus  
  41  3:32  Pylon  
  41  3:33  Mothership Core (Chrono Boost)  
  44  3:36  Pylon  
  44  3:39  Probe (Chrono Boost)  
  45  3:41  Assimilator  
  45  3:45  Assimilator  
  45  3:50  Sentry x2, Probe (Chrono Boost)  
  45  3:51  Probe (Chrono Boost)  
  45  3:52  Pylon  
  51  4:00  Probe (Chrono Boost)  
  51  4:01  Probe (Chrono Boost)  
  53  4:09  Stargate  
  53  4:10  Stargate  
  53  4:11  Probe (Chrono Boost)  
  53  4:12  Probe (Chrono Boost)  
  55  4:21  Probe (Chrono Boost)  
  55  4:22  Probe (Chrono Boost)  
  53  4:32  Probe (Chrono Boost)  
  53  4:33  Probe (Chrono Boost)  
  55  4:39  Pylon  
  55  4:42  Probe (Chrono Boost), Forge, Pylon  
  55  4:44  Probe x2 (Chrono Boost)  
  58  4:47  Adept x2  
  58  4:51  Probe (Chrono Boost)  
  62  4:54  Probe (Chrono Boost), Phoenix x2 (Chrono Boost)  
  62  4:55  Probe  
  69  5:01  Probe  
  69  5:06  Probe  
  71  5:10  Adept x2  
  77  5:16  Phoenix x2 (Chrono Boost)  
  77  5:17  Assimilator  
  77  5:18  Probe  
  77  5:20  Probe, Protoss Ground Weapons Level 1  
  77  5:21  Assimilator  
  81  5:24  Robotics Facility  
  81  5:27  Probe  
  82  5:31  Probe  
  82  5:32  Probe  
  84  5:36  Pylon  
  84  5:38  Phoenix x2 (Chrono Boost)  
  84  5:39  Probe  
  84  5:40  Adept  
  84  5:41  Adept  
  84  5:42  Probe  
  93  5:48  Robotics Facility  
  94  5:59  Phoenix x2 (Chrono Boost)  
  98  6:10  Probe  
  99  6:13  Probe  
  99  6:16  Immortal (Chrono Boost)  
  104  6:20  Twilight Council  
  104  6:22  Gateway  
  104  6:23  Probe, Gateway  
  103  6:27  Probe  
  101  6:40  Zealot x2  
  101  6:41  Immortal (Chrono Boost)  
  101  6:45  Pylon  
  101  6:46  Gateway, Pylon  
  102  6:47  Gateway  
  102  6:50  Gateway  
  102  6:51  Immortal (Chrono Boost), Phoenix  
  106  7:09  Zealot x2  
  106  7:10  Charge  
  106  7:11  Protoss Ground Weapons Level 2 (Chrono Boost)  
  114  7:16  Immortal (Chrono Boost), Gateway  
  114  7:17  Gateway  
  114  7:23  Zealot x2  
  114  7:25  Immortal (Chrono Boost)  
  122  7:32  Templar Archives  
  120  7:48  Immortal (Chrono Boost)  
  124  8:04  Psionic Storm, Pylon  
  124  8:06  Pylon  
  124  8:08  Pylon  
  124  8:10  Pylon  
  124  8:16  Pylon  
  124  8:18  Immortal  
  124  8:19  Immortal  
  130  8:29  Zealot x7  
  130  8:30  Zealot x2  
  148  8:45  Pylon  
  148  8:51  Nexus  
  148  8:52  High Templar x5  
  148  8:53  Pylon  
  148  8:55  High Templar  
  160  8:56  Zealot x2, Pylon  
  160  8:58  Immortal, Warp Prism  
  160  9:02  Pylon  
  164  9:08  High Templar  
  172  9:15  Assimilator  
  172  9:20  Zealot x2  
  172  9:21  Assimilator  
  176  9:24  High Templar x2  
  176  9:25  Zealot x3  
  176  9:28  Archon  
  184  9:47  Zealot x6  
  184  9:50  Pylon  
  196  9:58  Immortal  
  196  10:00  Immortal  
  196  10:10  Zealot x4  
  196  10:18  Zealot x3  
  196  10:23  Robotics Bay  
  196  10:25  High Templar x2  
  188  10:38  Zealot x3  
  188  10:39  Zealot x4  
  180  10:48  Archon x3  

Tags
 
Add a new tag
Caveats
  • Supply blocks, unpowered buildings, or Contaminate may cause inaccurate times.
  • Supply counts are checked every 10 seconds.